Map: Dusk Towers

Players

Mindele

  • Race: Terran Terran

Taranis - Winner!

  • Race: Terran Terran

VOD

Have the link to the VOD?

Description

Time

  • Played on: May 13, 2016, 7:58 p.m.
  • Length: 8:19
Show
View Real Time Build Order
Export as new Build Order

Mindele Terran 

Build Orders:  

Get SALT Encoding   

  12  0:02  SCV  
  13  0:14  SCV  
  13  0:19  Supply Depot  
  14  0:26  SCV  
  15  0:30  Refinery  
  15  0:40  SCV  
  16  0:52  SCV  
  16  0:55  Barracks  
  17  1:04  SCV  
  18  1:12  Barracks  
  18  1:16  SCV  
  19  1:26  Refinery  
  19  1:29  SCV  
  20  1:43  Orbital Command  
  20  1:50  Factory  
  20  2:00  Reaper  
  22  2:08  Reaper  
  22  2:13  SCV  
  23  2:19  Supply Depot  
  23  2:40  SCV  
  23  2:41  Supply Depot  
  24  2:46  Starport  
  24  2:49  Reaper  
  25  2:52  SCV  
  25  2:55  Reaper  
  27  3:02  Factory Tech Lab  
  27  3:03  Supply Depot  
  27  3:06  SCV  
  28  3:18  SCV  
  28  3:19  Barracks  
  29  3:30  SCV  
  30  3:42  Marine x2  
  30  3:46  SCV  
  33  3:49  Supply Depot  
  33  3:58  SCV  
  33  4:31  Marine x2  
  33  4:37  SCV  
  33  4:42  Banshee  
  36  4:47  Cloaking Field  
  36  4:49  SCV  
  36  4:50  Marine x2  
  39  4:55  Marine  
  40  5:01  SCV  
  41  5:13  SCV  
  42  5:19  Marine x2  
  44  5:36  Banshee  
  44  5:39  SCV  
  44  5:40  Marine x3  
  51  5:57  Command Center  
  51  6:58  Banshee  
  54  7:08  Barracks Tech Lab  
  52  7:54  Marine  
  52  7:55  Marine  
Show
View Real Time Build Order
Export as new Build Order

Taranis Terran - Winner!

Build Orders:  

Get SALT Encoding   

  12  0:01  SCV  
  13  0:14  SCV  
  14  0:19  Supply Depot  
  14  0:26  SCV  
  15  0:42  Barracks  
  15  0:47  Refinery  
  15  0:48  SCV  
  16  1:00  SCV  
  17  1:05  Supply Depot  
  17  1:12  SCV  
  17  1:17  Barracks  
  18  1:24  SCV  
  19  1:25  Refinery  
  19  1:34  Marine  
  20  1:41  Engineering Bay  
  20  1:46  SCV  
  21  1:57  Barracks Tech Lab  
  21  2:04  SCV  
  22  2:08  Barracks Tech Lab  
  22  2:21  Marauder  
  24  2:26  SCV  
  24  2:29  Concussive Shells  
  25  2:38  SCV  
  28  2:44  Marauder  
  28  2:53  Supply Depot  
  28  2:58  Marauder  
  30  3:04  Orbital Command  
  30  3:15  Marauder  
  30  3:19  Missile Turret  
  31  3:40  Factory  
  31  3:48  SCV  
  32  3:55  Supply Depot  
  32  3:56  Hi-Sec Auto Tracking  
  32  4:01  Marauder x2  
  34  4:40  Factory Tech Lab  
  34  4:56  Ghost Academy  
  34  4:59  Marauder x2  
  38  5:07  Building Armor  
  38  5:10  Supply Depot  
  38  5:17  Combat Shields  
  38  5:26  Ghost Academy  
  38  5:28  Personal Cloaking  
  42  5:33  Supply Depot  
  42  5:42  Ghost  
  40  5:56  Ghost  
  39  6:30  Nuke  
  36  6:54  Nuke  
  30  7:03  Ghost  
  30  7:10  Missile Turret  
  27  7:18  Marine  
  22  7:32  Marine  
  22  7:36  Marine  
  23  7:50  Marine  
  24  7:54  Marine  
Tags
 
Matchup
TvT
Race
Terran
Add a new tag
Caveats
  • Supply blocks, unpowered buildings, or Contaminate may cause inaccurate times.
  • Supply counts are checked every 10 seconds.